AoeStats
← jphilkill

Arabia

507478014Analyzed
4v4 RM · 15d ago on Sep 18, 2026· 33m 57s· 8 players
Game mode
Random Map
Map size
Large (8 player)
Population
200
Speed
Normal
Resources
Standard
Victory
Conquest
Starting age
Dark Age
Ending age
Imperial Age
RankedLock teamsTeams togetherTeam positionsShared explorationLock speedFull tech treeHidden civsTurbo modeCheats
Victory
Defeat
🇱🇻 Italians · Latvia
893
+17
🇧🇷 Ethiopians · Brazil
886
+17
🇩🇪 Celts · Germany
858
+18
🇨🇳 Franks · China
812
+20
🇮🇹 Teutons · Italy
961
-19
🇯🇵 Hindustanis · Japan
919
-19
🇮🇹 Britons · Italy
879
-17
🇨🇳 Persians · China
874
-17
ArturoVeloce
10:45 Feudal Age
11:56 Loom
14:21 Double-Bit Axe
18:34 Castle Age
18:18 Fletching
19:43 Crossbowman
21:40 Squires
25:04 Wheelbarrow
24:15 Town Watch
25:35 Town Patrol
25:58 Gold Mining
25:58 Stone Mining
27:17 Bow Saw
28:25 Pikeman
29:08 Bodkin Arrow
31:39 Padded Archer Armor
31:41 Horse Collar
jisai
1:44 Loom
10:32 Feudal Age
17:32 Castle Age
16:11 Double-Bit Axe
20:53 Squires
22:39 Stone Mining
24:12 Wheelbarrow
23:58 Town Watch
24:21 Gold Mining
26:29 Scale Barding Armor
27:53 Fletching
28:16 Grand Trunk Road
Camionveloce__
11:55 Feudal Age
16:01 Double-Bit Axe
20:23 Castle Age
20:06 Man-at-Arms
26:47 Loom
Your Father
9:04 Loom
11:34 Feudal Age
12:22 Double-Bit Axe
20:26 Castle Age
18:16 Horse Collar
22:50 Kamandaran
24:10 Crossbowman
25:50 Bow Saw
26:20 Fletching
26:33 Padded Archer Armor
27:21 Bodkin Arrow
28:32 Leather Archer Armor
29:02 Thumb Ring
30:50 Ballistics
Crusader
1:11 Loom
11:45 Feudal Age
14:36 Town Watch
15:55 Fletching
18:34 Castle Age
16:53 Double-Bit Axe
17:20 Horse Collar
20:27 Wheelbarrow
27:12 Bow Saw
28:19 Heavy Plow
33:00 Imperial Age
30:50 Fletching
31:01 Padded Archer Armor
31:28 Ballistics
31:19 Masonry
31:31 Hand Cart
31:38 Gold Mining
32:07 Thumb Ring
31:23 Elite Skirmisher
32:33 Silk Road
33:19 Town Patrol
33:19 Bodkin Arrow
34:52 Chemistry
34:35 Conscription
sujing810
0:27 Loom
11:18 Feudal Age
12:44 Wheelbarrow
11:57 Double-Bit Axe
17:34 Castle Age
15:29 Gold Mining
17:07 Forging
17:11 Scale Barding Armor
18:27 Husbandry
19:53 Bow Saw
23:18 Hand Cart
25:09 Gold Shaft Mining
24:25 Stone Mining
33:30 Imperial Age
32:49 Iron Casting
32:35 Chain Barding Armor
33:37 Town Watch
33:57 Cavalier
HaweN
11:30 Feudal Age
15:56 Castle Age
13:54 Double-Bit Axe
15:25 Loom
22:20 Arson
27:41 Scale Mail Armor
28:12 Gold Mining
31:47 Wheelbarrow
33:03 Forging
jphilkill
0:38 Loom
12:04 Feudal Age
18:12 Castle Age
17:43 Double-Bit Axe
17:39 Horse Collar
18:22 Gold Mining
23:08 Wheelbarrow
23:29 Pikeman
26:55 Scale Barding Armor
27:01 Forging
28:59 Fletching
32:42 Iron Casting
Connection lost

Rejoining the realm…

Still unreachable

The connection could not be restored.

Session expired

The server has moved on; the page needs a fresh start.